 Dungeon Crawl Stone Soup version 0.26-a0-639-g72c4674329 (webtiles) character file.

Game seed: 346542295483811316

(classic levelgen) 280 EnegeticOcto the Chopper (level 6, -13/56 HPs)
             Began as a Deep Dwarf Fighter on Sept 28, 2020.
             Mangled by an ogre
             ... wielding a +0 giant spiked club
              (29 damage)
             ... on level 4 of the Dungeon.
             The game lasted 00:00:39 (859 turns).

EnegeticOcto the Chopper (Deep Dwarf Fighter)        Turns: 859, Time: 00:00:39

Health: -13/56     AC:  7    Str: 22    XL:     6   Next: 5%
Magic:  5/5        EV:  7    Int:  8    God:
Gold:   114        SH:  0    Dex: 12    Spells: 5/5 levels left

rFire    . . .     SeeInvis .   a - +0 war axe
rCold    . . .     Faith    .   c - +0 kite shield
rNeg     . . .     Spirit   .   b - +0 scale mail
rPois    .         Reflect  .   (no helmet)
rElec    .         Harm     .   (no cloak)
rCorr    .         Rampage  .   (no gloves)
MR       .....                  (no boots)
Stlth    ..........             (no amulet)
HPRegen  0.00/turn              (no ring)
MPRegen  0.09/turn              (no ring)

@: confused, non-regenerating
A: damage resistance, heal wounds, sense surroundings 1, no regeneration
a: Heal Wounds


You were on level 4 of the Dungeon.
You visited 1 branch of the dungeon, and saw 4 of its levels.

You collected 114 gold pieces.

Inventory:

Hand Weapons
 a - a +0 war axe (weapon)
Armour
 b - a +0 scale mail (worn)
 c - a +0 kite shield (worn)
Wands
 j - a wand of iceblast (9) {@v2}
Scrolls
 g - a scroll of blinking {unknown}
 h - a scroll of identify {unknown}
 i - a scroll of magic mapping {unknown}
Potions
 d - a potion of might {@q3}
 e - 3 potions of curing {unknown}
 f - 2 potions of flight {unknown}
 k - a potion of haste {unknown}
 l - a potion of stabbing {unknown}


   Skills:
 + Level 3.6 Fighting
 * Level 4.7 Axes
 + Level 4.4 Armour
 + Level 4.4 Shields


You had 5 spell levels left.
You didn't know any spells.
Your spell library was empty.

Dungeon Overview and Level Annotations

Branches:
Dungeon (4/15)
 Temple: D:4-7

Altars:
Ashenzari
Fedhas


Innate Abilities, Weirdness & Mutations

You are resistant to damage.
You can heal yourself by infusing magical energy.
You passively map a small area around you.
You do not regenerate.


Message History

The ogre barely misses you. The orc hits you with a +0 club.
You barely miss the orc.
The orc is moderately wounded.
You hit the ogre but do no damage.
The ogre hits you with a +0 giant spiked club!
The orc hits you with a +0 club.
You are too injured to fight recklessly!
You are too injured to fight recklessly!
You are too injured to fight recklessly!
You are too injured to fight recklessly!
You are too injured to fight recklessly!
You are too injured to fight recklessly!
You are too injured to fight recklessly!
You are too injured to fight recklessly!
You are too injured to fight recklessly!
You are too injured to fight recklessly!
You feel much better.
An orc wizard comes into view.
It is wielding a +0 dagger and wearing a +2 robe of magic resistance.
The ogre hits you with a +0 giant spiked club!
You block the orc's attack.
You closely miss the orc.
The orc is moderately wounded.
You barely miss the ogre. The orc hits you but does no damage.
You block the ogre's attack.
You closely miss the orc.
The orc is moderately wounded.
You slash the ogre!
The orc wizard casts a spell.
The orc wizard flickers and vanishes!
Deactivating autopickup; reactivate with Ctrl-A.
The orc barely misses you. The ogre barely misses you.
You hit the ogre.
The ogre is moderately wounded.
You hit the orc. You block the orc's attack.
The ogre hits you with a +0 giant spiked club!!
* * * LOW HITPOINT WARNING * * *
You hear a shout!
You are too injured to fight recklessly!
You are too injured to fight recklessly!
You are too injured to fight recklessly!
You are too injured to fight recklessly!
You are too injured to fight recklessly!
You are too injured to fight recklessly!
You are too injured to fight recklessly!
You are too injured to fight recklessly!
You are too injured to fight recklessly!
You are too injured to fight recklessly!
You are too injured to fight recklessly!
You are too injured to fight recklessly!
You are too injured to fight recklessly!
You are too injured to fight recklessly!
You fail to use your ability.
The orc hits you but does no damage.
You feel much better. The ogre barely misses you.
Your magical essence is drained by the effort!
You feel much better.
An orc comes into view.
It is wielding a +2 antimagic short sword.
The orc barely misses you.
The ogre hits you with a +0 giant spiked club!
You barely miss the orc.
The orc is almost dead.
You hit the ogre. You block the ogre's attack.
You hit the orc but do no damage.
The orc is almost dead.
You hit the ogre. The orc hits you but does no damage.
You slash the orc!
You kill the orc!
You hit the ogre but do no damage.
The ogre hits you with a +0 giant spiked club!!
You hit the ogre.
The ogre is almost dead.
You slash something! You block the ogre's attack.
You hear some strange, mumbled words.
You are confused.
You are too confused!
You are too confused!
You are too confused!
You are too confused!
You are too confused!
You are too confused!
You are too confused!
You are too confused!
You are too confused!
You are too confused!
You are too confused!
You are too confused!
You are too confused!
You are too confused!
You are too confused!
You're too confused!
You're too confused!
You're too confused to move!
The ogre hits you with a +0 giant spiked club!
* * * LOW HITPOINT WARNING * * *
Something hits you but does no damage.
You closely miss the ogre.
The ogre is almost dead.
You miss something. Something hits you but does no damage.
The ogre hits you with a +0 giant spiked club!!
Ouch! That really hurt!
You die...

# #..#..........#
#)## #
#.........###.####.##
#.#######.# #......##
#.#### #.# ######.##
#..<.# #.# #.# ####.#
#.# #.# #.# #.# #.#
#.# #.# #.# , #@# #.#
#.# #)#O# * .# , *#.#
#o# * #.# #.. , , #.
* ###* *.,,, , * * #
, , > , , , *


You could see an ogre and an orc.

Vanquished Creatures
  2 orc priests (D:4)
  A hound (D:4)
  2 orc wizards (D:4)
  3 adders
  4 gnolls (D:3)
  An ooze (D:1)
  A worm (D:2)
  22 orcs
  5 bats
  A goblin (D:3)
  2 hobgoblins
  A quokka (D:2)
  2 frilled lizards
  3 kobolds
  2 rats
52 creatures vanquished.

Notes
Turn   | Place    | Note
-------+----------+-------------------------------------------
     0 | D:1      | EnegeticOcto the Deep Dwarf Fighter began the quest for the
                  | Orb.
     0 | D:1      | Reached XP level 1. HP: 20/20 MP: 1/1
    99 | D:2      | Reached XP level 2. HP: 25/27 MP: 2/2
   357 | D:3      | Reached XP level 3. HP: 25/33 MP: 3/3
   461 | D:3      | Reached XP level 4. HP: 36/42 MP: 4/4
   582 | D:4      | Reached XP level 5. HP: 37/49 MP: 5/5
   638 | D:4      | Found a blossoming altar of Fedhas.
   638 | D:4      | Found a shattered altar of Ashenzari.
   801 | D:4      | Reached XP level 6. HP: 13/56 MP: 6/6
   859 | D:4      | Mangled by an ogre

Illustrated notes

Levels and vault maps discovered:
D:1:      psy_arrival_radial01, layout_basic, okawaru_ov_weapons_minmay
D:2:      layout_basic
D:3:      layout_loops_ring, grunt_temple_overflow_holy_war,
          ebering_ghost_sewer_d
D:4:      layout_loops_ring, nicolae_qazlal_general_emergency,
          gammafunk_temple_overflow_wave

Skill      XL: |  1  2  3  4 |
---------------+-------------+-----
Axes           | 3 4 |  4.7
Fighting       | 3 |  3.6
Armour         | 4 |  4.4
Shields        | 4 |  4.4

Action                   |  1- 3 |  4- 6 || total
-------------------------+-------+-------++-------
Melee: War axe           |    57 |    69 ||   126
 Abil: Heal Wounds       |     1 |     8 ||     9
Armor: Scale mail        |    31 |    38 ||    69
Dodge: Dodged            |    24 |    24 ||    48
Block: Kite shield       |    31 |    47 ||    78

Table legend: (Time is in decaauts)
 A = Elapsed time spent in this place.
 B = Non-inter-level travel time spent in this place.
 C = Inter-level travel time spent in this place.
 D = Time resting spent in this place.
 E = Time spent auto-exploring this place.
 F = Levels seen in this place.
 G = Mean time per level.
                   A        B        C        D        E       F      G
               +--------+--------+--------+--------+--------+-----+--------+
         Total |    908 |    865 |     43 |      0 |    563 |   4 |  227.0 |
       Dungeon |    908 |    865 |     43 |      0 |    563 |   4 |  227.0 |
               +--------+--------+--------+--------+--------+-----+--------+

Top non-repeatable levels by time:
     D:4: 341 daAuts
     D:2: 281 daAuts
     D:3: 200 daAuts
     D:1: 84 daAuts
